 Dungeon Crawl Stone Soup version 0.27.0-1-g7a089689b8 (webtiles) character file.

Game seed: 11696427350158860026

25 GordonOverkill the Sneak (level 2, 0/17 HPs)
             Began as a Deep Elf Brigand on Aug 8, 2021.
             Slain by a goblin (4 damage)
             ... on level 1 of the Dungeon.
             The game lasted 00:01:22 (693 turns).

GordonOverkill the Sneak (Deep Elf Brigand)          Turns: 693, Time: 00:01:22

Health: 0/17       AC:  4    Str:  8    XL:     2   Next: 86%
Magic:  4/4        EV: 12    Int: 15    God:
Gold:   8          SH:  0    Dex: 16    Spells: 1/1 levels left

rFire    . . .     SeeInvis .   a - +2 dagger
rCold    . . .     Faith    .   (no shield)
rNeg     . . .     Spirit   .   b - +0 robe
rPois    .         Reflect  .   g - +0 helmet
rElec    .         Harm     .   c - +0 cloak
rCorr    .         Rampage  .   (no gloves)
Will     .....                  (no boots)
Stlth    +++.......             (no amulet)
HPRegen  0.05/turn              (no ring)
MPRegen  0.09/turn              (no ring)

@: hasted, very quick
A: no striking features
a: no special abilities


You were on level 1 of the Dungeon.
You visited 1 branch of the dungeon, and saw 2 of its levels.

You collected 8 gold pieces.

Inventory:

Hand Weapons
 a - a +2 dagger (weapon)
Missiles
 d - 6 poisoned darts (quivered)
 e - 2 curare-tipped darts
Armour
 b - a +0 robe (worn)
 c - a +0 cloak (worn)
 g - a +0 helmet (worn)
Jewellery
 h - a ring of magical power
Scrolls
 i - a scroll of amnesia {unknown}


   Skills:
 + Level 2.0 Fighting
 + Level 2.4 Short Blades
 * Level 2.8 Throwing
 - Level 1.2 Dodging
 - Level 4.8 Stealth


You had one spell level left.
You didn't know any spells.
Your spell library contained the following spells:

 Spells                   Type           Power      Damage    Failure   Level
 Gell's Gravitas          Tloc           0%         N/A       63%         3
 Lesser Beckoning         Tloc           0%         N/A       63%         3
 Teleport Other           Tloc           0%         N/A       63%         3


Dungeon Overview and Level Annotations

Branches:
Dungeon (2/15)

Altars:


Message History

You kill the jackal!
The jackal bites you but does no damage.
You hit the jackal.
The jackal is moderately wounded.
The jackal bites you but does no damage.
You closely miss the jackal.
The jackal is moderately wounded.
The jackal barely misses you.
You hit the jackal but do no damage.
The jackal is moderately wounded.
The jackal bites you.
* * * LOW HITPOINT WARNING * * *
You closely miss the jackal.
The jackal bites you but does no damage. x2
You hit the jackal.
The jackal is severely wounded.
The jackal bites you.
* * * LOW HITPOINT WARNING * * *
Unknown command.
It was a potion of haste.
You feel yourself speed up. The jackal barely misses you.
You hit the jackal.
You kill the jackal!
Throw: 8 darts (poison)
Press: ? - help, Q - select action, (/) - cycle Shift-Dir - straight line, f - jackal
Aim: a jackal (53% to hit)
You throw a poisoned dart. The poisoned dart hits the jackal.
The jackal is poisoned.
You barely miss the jackal. The jackal barely misses you.
You barely miss the jackal. The jackal barely misses you.
You hit the jackal.
You kill the jackal!
Your Fighting skill increases to level 2!
Throw: 7 darts (poison)
Press: ? - help, Q - select action, (/) - cycle Shift-Dir - straight line, f - goblin
Aim: a goblin, wielding a +0 club (55% to hit)
You throw a poisoned dart.
The poisoned dart barely misses the goblin.
You barely miss the goblin. The goblin hits you with a +0 club.
You die...

.............###### ##
#.#.#......#......# ######. .#
........##..>..# #......
#...#.##...#......# #...... ##.
###.##.g...# #...... ####
####.....# #####...... ...#
#..h.(#####..........
...##############g..##..###......
..........>.....@##.....# ###.###
..##...#.....##.........# #.###
####..†#####......#...#.# #.#..
#...#######.##..##.#.## #.#.#
##................#....####.#.#
###.......######......#...##.....
##.....#..### #......#)........#
.......##...####....#....###....#
#................................


You could see a goblin.

Vanquished Creatures
  A dart slug (D:1)
  4 bats (D:1)
  An endoplasm (D:1)
  2 giant cockroaches
  3 hobgoblins (D:1)
  4 jackals (D:1)
  2 kobolds (D:1)
  A quokka (D:1)
  A frilled lizard (D:1)
  A rat (D:1)
20 creatures vanquished.

Notes
Turn   | Place    | Note
-------+----------+-------------------------------------------
     0 | D:1      | GordonOverkill the Deep Elf Brigand began the quest for the
                  | Orb.
     0 | D:1      | Reached XP level 1. HP: 12/12 MP: 3/3
   104 | D:1      | Reached XP level 2. HP: 17/17 MP: 4/4
   179 | D:1      | Found a faded altar of an unknown god.
   497 | D:1      | You fall into a shaft and drop 1 floor!
   693 | D:1      | Slain by a goblin

Illustrated notes

Levels and vault maps discovered:
D:1:      matt_arrival_grand_opening, layout_rooms,
          shapermc_ecumenical_altar_totnotflames, minmay_misc_feat_rugged
D:2:      layout_rooms

Skill      XL: |  1  2 |
---------------+-------+-----
Fighting       | 2 |  2.0
Short Blades   | |  2.4
Throwing       | |  2.8
Dodging        | |  1.2
Stealth        | |  4.8

Action                   || total
-------------------------++-------
Melee: Dagger            ||    72
Throw: Dart              ||     2
  Use: Scroll            ||     1
       Potion            ||     1
 Stab: Sleeping          ||     9
Armor: Robe              ||    20
Dodge: Dodged            ||    53
